AoeStats
← Stanko2026

Four Lakes

508634479Analyzed
1v1 RM · 8d ago on Sep 23, 2026· 19m 54s· 2 players
Game mode
Random Map
Map size
Tiny (2 player)
Population
200
Speed
Normal
Resources
Standard
Victory
Conquest
Starting age
Dark Age
Ending age
Imperial Age
RankedLock teamsTeams togetherTeam positionsShared explorationLock speedFull tech treeHidden civsTurbo modeCheats
Victory
Defeat
🇩🇪 Sicilians · Germany
750
+15
🇨🇳 Franks · China
731
-15
772557719
13:03 Feudal Age
14:53 Double-Bit Axe
15:03 Gold Mining
16:21 Man-at-Arms
16:47 Arson
19:27 Castle Age
19:27 Scale Mail Armor
19:39 Forging
19:34 Scale Barding Armor
Stanko2026
0:28 Loom
12:27 Feudal Age
13:12 Double-Bit Axe
13:08 Horse Collar
13:24 Gold Mining
13:24 Stone Mining
14:09 Stone Mining
Connection lost

Rejoining the realm…

Still unreachable

The connection could not be restored.

Session expired

The server has moved on; the page needs a fresh start.